 Dungeon Crawl Stone Soup version 0.28.0-53-g5a82cb258f (webtiles) character file.

Game seed: 7078787578969102700

3251 Zeld the Fighter (level 9, -1/81 (85) HPs)
             Began as a Minotaur Berserker on May 22, 2022.
             Was a Priest of Trog.
             Slain by a wight
             ... wielding a +0 mace of protection
              (9 damage)
             ... on level 8 of the Dungeon.
             The game lasted 00:05:16 (11994 turns).

Zeld the Fighter (Minotaur Berserker)              Turns: 11994, Time: 00:05:17

HP:   -1/81 (85)    AC:  3    Str: 27    XL:     9   Next: 67%
MP:   8/8           EV: 13    Int:  4    God:    Trog [***...]
Gold: 398           SH:  0    Dex:  9    Spells: 8/8 levels left

rFire   . . .      SeeInvis .   a - +1 hand axe (drain)
rCold   . . .      Faith    .   (no shield)
rNeg    . . .      Spirit   .   b - +0 animal skin
rPois   .          Reflect  .   (helmet restricted)
rElec   .          Harm     .   k - +0 cloak
rCorr   .          Rampage  .   (no gloves)
Will    .....                   (no boots)
Stlth   +.........              (no amulet)
HPRegen 0.23/turn               (no ring)
MPRegen 0.11/turn               (no ring)

@: lightly drained
A: horns 2, retaliatory headbutt
a: Renounce Religion, Berserk, Trog's Hand


You were on level 8 of the Dungeon.
You worshipped Trog.
Trog was most pleased with you.
You visited 2 branches of the dungeon, and saw 9 of its levels.

You collected 488 gold pieces.
You spent 90 gold pieces at shops.

Inventory:

Hand Weapons
 a - a +1 hand axe of draining (weapon)
Armour
 b - a +0 animal skin (worn)
 k - a +0 cloak (worn)
Jewellery
 n - a ring of protection from cold
 w - a +4 ring of evasion
Wands
 m - a wand of flame (36)
 r - a wand of charming (7)
 u - a wand of acid (4)
Scrolls
 c - 2 scrolls of fog {unknown}
 e - 3 scrolls of teleportation {unknown}
 f - 3 scrolls of vulnerability {unknown}
 g - a scroll of enchant weapon {unknown}
 j - 2 scrolls of holy word {unknown}
 l - a scroll of immolation {unknown}
 p - 7 scrolls of identify {unknown}
 s - 2 scrolls of blinking {unknown}
 t - a scroll of noise {unknown}
 v - a scroll of fear {unknown}
Potions
 d - 4 potions of lignification {unknown}
 h - 3 potions of curing {unknown}
 i - 4 potions of flight {unknown}
 o - 2 potions of mutation {unknown}
 q - 2 potions of attraction {unknown}


   Skills:
 * Level 10.2 Fighting
 * Level 10.1 Axes
 + Level 6.9 Armour
 + Level 6.5 Dodging


You had 8 spell levels left.
You didn't know any spells.
Your spell library was empty.

Dungeon Overview and Level Annotations

Branches:
Dungeon (8/15)             Temple (1/1) D:7
   Lair: D:8-11

Altars:
Cheibriados
Dithmenos
Elyvilon
Fedhas
Gozag
Hepliaklqana
Kikubaaqudgha
Makhleb
Okawaru
Qazlal
Sif Muna
Trog
Uskayaw
Vehumet
Wu Jian
Xom
Yredelemnul
Zin

Shops:
D:4 *


Innate Abilities, Weirdness & Mutations

You have a pair of horns on your head.
You reflexively headbutt those who attack you in melee.


Message History

You closely miss the orc.
The orc is almost dead.
You hit the orc.
You kill the orc!
Trog accepts your kill.
A wight comes into view. It is wielding a +0 mace of protection.
Items here: ( ) [ †.
The wight barely misses you. You furiously retaliate!
You headbutt the wight. You hit the wight.
The wight is moderately damaged.
The wight closely misses you. You furiously retaliate!
You headbutt the wight! You slash the wight!
You destroy the wight!
Trog accepts your kill.
Things that are here:
a +0 mace; a +0 robe; 17 bolts The wight hits you with a +0 mace of protection!
You hit the wight but do no damage.
The wight hits you with a +0 mace of protection!
You feel drained.
You are too injured to fight recklessly!
You hit the wight but do no damage. Your headbutt misses the wight.
The wight hits you with a +0 mace of protection!
You feel drained.
You are too injured to fight recklessly!
You hit the wight.
The wight is moderately damaged.
The wight hits you with a +0 mace of protection!
* * * LOW HITPOINT WARNING * * *
Things that are here:
a +0 mace; a +0 robe; 17 bolts
Items here: ( ) [ †.
Okay, then.
Okay, then.
The wight hits you with a +0 mace of protection!
* * * LOW HITPOINT WARNING * * *
You hit the wight but do no damage. Your headbutt misses the wight.
The wight is moderately damaged.
The wight hits you with a +0 mace of protection!
You die...

#####.## #.. ... .# #.#
#.# .# ##+## #.# #.# .# #
##...## #.# #.##.#
#.#.....## #.###..#.#
###........## #..###.#.#
...........)####...##.#.#
........z@).'...........#
###........)####...##.###
##......^## ##.###.#
##.....## ### #.# ##...##
#.# #. .###+## #.# #. #.#
#.# ######># ♣..# #.# #.#
#.)....# ≈♣.#
#.###.########.######


You could see a wight.

Vanquished Creatures
  2 water moccasins
  3 sky beasts
  A necrophage (D:7)
  An orc warrior (D:8)
  3 ogres
  A phantom (D:5)
  3 centaurs
  2 bullfrogs
  4 scorpions
  A howler monkey (D:6)
  15 wights
  3 electric eels (D:8)
  2 centaur zombies
  6 orc priests
  A centaur skeleton (D:4)
  4 hounds
  3 orc wizards
  2 iguanas (D:6)
  Natasha (thrice) (D:2)
  A hound zombie (D:5)
  8 gnolls
  7 adders
  2 shadow imps
  A white imp (D:6)
  3 adder skeletons
  2 worms (D:4)
  5 dart slugs
  21 orcs
  4 bats
  7 endoplasms
  A giant cockroach (D:4)
  5 goblins
  6 hobgoblins
  4 kobolds
  3 quokkas
  5 ball pythons (D:2)
  2 frilled lizards (D:2)
  A jackal skeleton (D:4)
  3 rats
151 creatures vanquished.

Vanquished Creatures (others)
  An orc priest (D:8)
  5 plants (D:8)
6 creatures vanquished.

Grand Total: 157 creatures vanquished

Notes
Turn   | Place    | Note
-------+----------+-------------------------------------------
     0 | D:1      | Zeld the Minotaur Berserker began the quest for the Orb.
     0 | D:1      | Reached XP level 1. HP: 19/19 MP: 0/0
   565 | D:1      | Reached XP level 2. HP: 27/27 MP: 1/1
  1072 | D:2      | Found a faded altar of an unknown god.
  1087 | D:2      | Reached XP level 3. HP: 18/33 MP: 2/2
  1297 | D:2      | Reached XP level 4. HP: 28/41 MP: 3/3
  1856 | D:2      | Found a white marble altar of Elyvilon.
  1858 | D:2      | Noticed Natasha
  1869 | D:2      | Killed Natasha
  2241 | D:2      | Noticed Natasha
  2256 | D:2      | Killed Natasha
  2257 | D:2      | Reached skill level 5 in Fighting
  2257 | D:2      | Reached XP level 5. HP: 26/48 MP: 4/4
  2510 | D:2      | Noticed Natasha
  2522 | D:2      | Killed Natasha
  2523 | D:2      | Reached skill level 5 in Axes
  2793 | D:2      | Found a white marble altar of Elyvilon.
  2822 | D:2      | Found a faded altar of an unknown god.
  3820 | D:3      | Reached ** piety under Trog
  3873 | D:3      | Found a white marble altar of Elyvilon.
  3880 | D:3      | Found an ornate altar of the Wu Jian Council.
  3884 | D:3      | Found a snail-covered altar of Cheibriados.
  4161 | D:3      | Reached XP level 6. HP: 53/56 MP: 5/5
  5104 | D:4      | Reached XP level 7. HP: 39/64 MP: 6/6
  5292 | D:4      | Found Tiotzy's Fire Supplies.
  5316 | D:4      | Bought a wand of flame (13) for 90 gold pieces
  5746 | D:5      | Entered Level 5 of the Dungeon
  6511 | D:5      | Reached XP level 8. HP: 69/73 MP: 7/7
  6552 | D:5      | Reached skill level 5 in Armour
  7432 | D:6      | Reached skill level 5 in Dodging
  8627 | D:6      | Reached XP level 9. HP: 83/83 MP: 8/8
  9447 | D:7      | Found a staircase to the Ecumenical Temple.
  9547 | Temple   | Entered the Ecumenical Temple
  9998 | D:7      | Found a blossoming altar of Fedhas.
 11539 | D:8      | Reached skill level 10 in Fighting
 11686 | D:8      | Reached *** piety under Trog
 11687 | D:8      | Reached skill level 10 in Axes
 11994 | D:8      | Slain by a wight

Illustrated notes

Levels and vault maps discovered:
D:1:      erik_arrival_cave_to_civilisation [erik_arrival_cave_to_hall],
          layout_basic
D:2:      layout_rooms, basic_altar, nicolae_ecumenical_snake_handling,
          uniq_natasha
D:3:      layout_basic, mainiacjoe_overflow_paths,
          mainiacjoe_overflow_catwalk_spiral, hex_intersection, st_stairs_14,
          minmay_pentangle
D:4:      layout_loops_corners, grunt_ministairs_6, nicolae_shop_fire_sale
          [nicolae_sub_dead_trees], minmay_misc_feat_hallway,
          minmay_statues_item
D:5:      layout_cave_pods
D:6:      layout_loops_corners
D:7:      layout_basic, mainiacjoe_overflow_catwalk,
          nicolae_overflow_hidden_temple, minmay_temple_entry_ruins
D:8:      layout_loops_corners, serial_bayou_ford_a, minivault_14,
          chequers_serial_rivers_micro_d, minmay_stone_trees_small,
          fungi_pond_lemuel
Temple:   eino_temple_water

Skill      XL: |  1  2  3  4  5  6  7  8  9 |
---------------+----------------------------+-----
Fighting       | 4 5 6 7 9 10 | 10.2
Axes           | 4 5 6 7 8 10 | 10.1
Armour         | 3 4 6 |  6.9
Dodging        | 3 4 5 6 |  6.5

Action                   |  1- 3 |  4- 6 |  7- 9 || total
-------------------------+-------+-------+-------++-------
Melee: Hand axe          |    42 |   130 |   251 ||   423
       Headbutt          |     7 |    22 |    52 ||    81
       Punch             |     1 |     2 |     4 ||     7
Invok: Berserk           |     2 |     5 |     8 ||    15
Evoke: Wand              |       |       |     3 ||     3
Armor: Animal skin       |    12 |    22 |    59 ||    93
Dodge: Dodged            |    32 |   103 |   135 ||   270
